 Dungeon Crawl Stone Soup version 0.25.1-2-g60ff931df9 (webtiles) character file.

Game seed: 5303240116055727175

714184 DildoBatman the Petrodigitator (level 27, -13/205 HPs)
             Began as a Formicid Wizard on Aug 30, 2020.
             Was an Initiate of Gozag.
             Mangled by Deiwo the pandemonium lord (39 damage)
             ... on level 21 of a ziggurat.
             The game lasted 04:52:56 (66949 turns).

DildoBatman the Petrodigitator (Formicid Wizard)   Turns: 66949, Time: 04:52:57

Health: -13/205    AC: 45    Str: 22 (23) XL:     27
Magic:  38/51      EV: 24    Int: 33      God:    Gozag
Gold:   10166      SH: 35    Dex: 19      Spells: 0/56 levels left

rFire    + + .     SeeInvis +   a - +18 lance "Wyrmbane" {slay drac, rPois rF+ rC+ AC+3}
rCold    + + .     Gourm    .   q - +8 tower shield {AC+3}
rNeg     + + +     Faith    .   o - +4 troll leather armour
rPois    ∞         Spirit   .   (helmet unavailable)
rElec    .         Reflect  .   k - +1 cloak "Ziaritt" {Int+2 Dex+6}
rCorr    +         Harm     .   J - +0 pair of gloves of the Abyss {rCorr Str+3}
MR       +++++     Clarity  +   g - +2 pair of boots {Fly}
Stlth    +.........             r - amulet of Vitality {Regen+ HP+15}
HPRegen  1.24/turn              K - ring "Plog" {MP+9 Str+6 Dex+4 SInv}
MPRegen  0.32/turn              O - ring "Zoih" {rF+ MR+ AC+4 Int+2}

@: mighty, brilliant, icy armour, lich-form, flying, contaminated, glowing,
studying 2 skills, invisible (but backlit and visible)
A: permanent stasis, dig shafts and tunnels, four strong arms, antennae 3, large
bone plates 1, clarity, magic resistance 1, MP-powered wands
}: 4/15 runes: decaying, silver, golden, gossamer
a: Dig, Shaft Self, End Transformation, Potion Petition, Call Merchant, Bribe
Branch, Renounce Religion, Stop Flying


You were on level 21 of a ziggurat.
You worshipped Gozag.
Gozag was extremely pleased with you.
You were not hungry.
You were a lich.
You visited 10 branches of the dungeon, and saw 46 of its levels.
You visited 1 ziggurat, and saw 21 of its levels.
You also visited: Gauntlet, Ice Cave, Volcano and Desolation.

You collected 36411 gold pieces.
You spent 5941 gold pieces at shops.
You paid 20304 gold pieces to Gozag.

Inventory:

Hand Weapons
 a - the +18 lance "Wyrmbane" (weapon) {slay drac, rPois rF+ rC+ AC+3}
   (You took it off Maggie on level 6 of the Dungeon)

   It affects your AC (+3).
   It protects you from fire.
   It protects you from cold.
   It protects you from poison.
 d - the +8 flail of a treasure trove {freeze, *Slow +Blink rF+++ Dex+4}
   (You took it off a deep elf archer on level 5 of the Vaults)

   It has been specially enchanted to freeze those struck by it, causing extra
   injury to most foes and up to half again as much damage against particularly
   susceptible opponents.
   It can also slow down cold-blooded creatures.
   It affects your dexterity (+4).
   It renders you almost immune to fire.
   It lets you blink.
   It may slow you when you take damage.
Missiles
 h - 25 silver javelins (quivered)
 l - 5 throwing nets
 s - 1214 bolts
 w - 2122 arrows
Armour
 g - a +2 pair of boots of flying (worn)
 k - the +1 cloak "Ziaritt" (worn) {Int+2 Dex+6}
   (You bought it in a shop on level 3 of the Tomb of the Ancients)

   It affects your intelligence (+2).
   It affects your dexterity (+6).
 o - a +4 troll leather armour (worn)
 q - a +8 tower shield of protection (worn)
 J - the +0 pair of gloves of the Abyss (worn) {rCorr Str+3}
   (You found it on level 2 of the Crypt)

   It affects your strength (+3).
   It provides partial protection from all sources of acid and corrosion.
Magical Staves
 b - an uncursed staff of energy
Jewellery
 r - the amulet of Vitality (around neck) {Regen+ HP+15}
   (You found it on level 9 of a ziggurat)

   [amulet of regeneration]

   It affects your health (+15).
   It increases your rate of regeneration.
 K - the ring "Plog" (left hand) {MP+9 Str+6 Dex+4 SInv}
   (You found it in the Desolation of Salt)

   [ring of strength]

   It affects your strength (+6).
   It affects your dexterity (+4).
   It affects your magic capacity (+9).
   It lets you see invisible.
 O - the ring "Zoih" (right hand) {rF+ MR+ AC+4 Int+2}
   (You found it in a Gauntlet)

   [ring of protection]

   It affects your AC (+4).
   It affects your intelligence (+2).
   It protects you from fire.
   It affects your resistance to hostile enchantments.
Wands
 i - a wand of acid (39)
 j - a wand of iceblast (40)
 A - a wand of disintegration (88)
 H - a wand of clouds (33)
Scrolls
 f - 3 scrolls of immolation
 p - 11 scrolls of amnesia
 t - 20 scrolls of fog
 u - a scroll of summoning
 x - 27 scrolls of remove curse
 y - 8 scrolls of enchant armour
 z - 49 scrolls of identify
 C - a scroll of acquirement
 P - 6 scrolls of torment
 V - 6 scrolls of holy word
Potions
 c - 8 potions of heal wounds
 n - 26 potions of curing
 B - 6 potions of might
 E - 6 potions of cancellation
 G - 9 potions of ambrosia
 I - 3 potions of resistance
 M - 11 potions of mutation
 N - 9 potions of magic
 R - a potion of invisibility
 T - 9 potions of brilliance
Books
 m - a manual of Crossbows
 Q - a manual of Staves
Miscellaneous
 e - a lightning rod (4/4)
 U - 7 phantom mirrors
 X - a phial of floods
 Y - 7 boxes of beasts
Comestibles
 v - 51 rations


   Skills:
 - Level 10.0 Fighting
 - Level 10.0 Polearms
 - Level 10.0 Armour
 - Level 14.4 Dodging
 - Level 2.4 Stealth
 - Level 19.8 Shields
 - Level 15.0 Spellcasting
 - Level 6.0 Conjurations
 - Level 6.0 Hexes
 - Level 10.0 Charms
 - Level 8.0 Summonings
 - Level 19.0 Necromancy
 - Level 0.8 Translocations
 - Level 19.0 Transmutations
 - Level 5.0 Fire Magic
 - Level 6.0 Ice Magic
 * Level 20.2 Air Magic
 O Level 27 Earth Magic
 - Level 12.0 Evocations


You couldn't memorise any spells.
You knew the following spells:

 Your Spells              Type           Power        Failure   Level  Hunger
a - Borgnjor's Vile Clut  Necr/Erth      #########.   0%          5    N/A
b - Shatter               Erth           ########..   3%          9    N/A
c - Tornado               Air            ########..   43%         9    N/A
d - Necromutation         Tmut/Necr      ########..   4%          8    N/A
e - Bolt of Magma         Conj/Fire/Erth ########..   1%          5    N/A
f - Darkness              Hex            #######...   24%         6    N/A
g - Ozocubu's Armour      Chrm/Ice       #######.     1%          3    N/A
h - Dispel Undead         Necr           ########     0%          4    N/A
i - Aura of Abjuration    Summ           #######...   1%          5    N/A
z - Shroud of Golubria    Chrm/Tloc      ######       1%          2    N/A

Your spell library contained the following spells:

 Spells                   Type           Power        Failure   Level  Hunger
 Animate Skeleton         Necr           N/A          0%          1    N/A
 Beastly Appendage        Tmut           ######       0%          1    N/A
 Pain                     Necr           ####         0%          1    N/A
 Sandblast                Erth           ######       0%          1    N/A
 Shock                    Conj/Air       ####         0%          1    N/A
 Corpse Rot               Necr/Air       N/A          0%          2    N/A
 Passwall                 Tmut/Erth      ########     0%          2    N/A
 Sticks to Snakes         Tmut           ########     0%          2    N/A
 Sublimation of Blood     Necr           ########..   0%          2    N/A
 Stone Arrow              Conj/Erth      ######       0%          3    N/A
 Vampiric Draining        Necr           ########..   0%          3    N/A
 Animate Dead             Necr           N/A          0%          4    N/A
 Petrify                  Tmut/Erth      ########     0%          4    N/A
 Lee's Rapid Deconstruct  Erth           ########..   0%          5    N/A
 Apportation              Tloc           #####.       1%          1    N/A
 Corona                   Hex            #######      1%          1    N/A
 Foxfire                  Conj/Fire      ####         1%          1    N/A
 Freeze                   Ice            ####         1%          1    N/A
 Infusion                 Chrm           ####         1%          1    N/A
 Magic Dart               Conj           ####         1%          1    N/A
 Sting                    Tmut/Pois      ####         1%          1    N/A
 Summon Butterflies       Summ           #######.     1%          1    N/A
 Summon Small Mammal      Summ           ####         1%          1    N/A
 Call Imp                 Summ           #######.     1%          2    N/A
 Ensorcelled Hibernation  Hex/Ice        ######       1%          2    N/A
 Poisonous Vapours        Pois/Air       ######       1%          2    N/A
 Searing Ray              Conj           ######       1%          2    N/A
 Slow                     Hex            #######.     1%          2    N/A
 Song of Slaying          Chrm           #######.     1%          2    N/A
 Call Canine Familiar     Summ           #######.     1%          3    N/A
 Confusing Touch          Hex            #######.     1%          3    N/A
 Conjure Flame            Conj/Fire      #######.     1%          3    N/A
 Dazzling Flash           Conj/Hex       ######       1%          3    N/A
 Frozen Ramparts          Ice            ######       1%          3    N/A
 Ignite Poison            Fire/Tmut/Pois #######.     1%          3    N/A
 Inner Flame              Hex/Fire       #######.     1%          3    N/A
 Mephitic Cloud           Conj/Pois/Air  #######.     1%          3    N/A
 Portal Projectile        Hex/Tloc       ######       1%          3    N/A
 Recall                   Summ/Tloc      N/A          1%          3    N/A
 Spectral Weapon          Hex/Chrm       #######.     1%          3    N/A
 Spider Form              Tmut/Pois      #######...   1%          3    N/A
 Static Discharge         Conj/Air       ########     1%          3    N/A
 Summon Guardian Golem    Hex/Summ       #######.     1%          3    N/A
 Tukima's Dance           Hex            #######.     1%          3    N/A
 Cause Fear               Hex            #######...   1%          4    N/A
 Fulminant Prism          Conj/Hex       #######...   1%          4    N/A
 Hailstorm                Conj/Ice       #######.     1%          4    N/A
 Ice Form                 Ice/Tmut       ########     1%          4    N/A
 Leda's Liquefaction      Hex/Erth       ########..   1%          4    N/A
 Sticky Flame             Conj/Fire      #######.     1%          4    N/A
 Summon Ice Beast         Ice/Summ       #######.     1%          4    N/A
 Summon Lightning Spire   Summ/Air       ########     1%          4    N/A
 Agony                    Necr           ########     1%          5    N/A
 Alistair's Intoxication  Tmut/Pois      #######.     1%          5    N/A
 Blade Hands              Tmut           ########..   1%          5    N/A
 Excruciating Wounds      Chrm/Necr      ########..   1%          5    N/A
 Iskenderun's Battlesphe  Conj/Chrm      #######.     1%          5    N/A
 Lightning Bolt           Conj/Air       ########..   1%          5    N/A
 Silence                  Hex/Air        ########..   1%          5    N/A
 Summon Demon             Summ           #######...   1%          5    N/A
 Yara's Violent Unravell  Hex/Tmut       ########..   1%          5    N/A
 Conjure Ball Lightning   Conj/Air       ########..   1%          6    N/A
 Hydra Form               Tmut           ########..   1%          6    N/A
 Iron Shot                Conj/Erth      ########..   1%          6    N/A
 Simulacrum               Ice/Necr       ########..   1%          6    N/A
 Statue Form              Tmut/Erth      ########.    1%          6    N/A
 Summon Mana Viper        Hex/Summ       #######.     3%          5    N/A
 Freezing Cloud           Conj/Ice/Air   #######...   3%          6    N/A
 Gell's Gravitas          Tloc           #####.....   4%          3    N/A
 Lesser Beckoning         Tloc           #####.....   4%          3    N/A
 Teleport Other           Tloc           #####...     4%          3    N/A
 Iskenderun's Mystic Bla  Conj/Tloc      ######..     4%          4    N/A
 Metabolic Englaciation   Hex/Ice        #######...   4%          5    N/A
 Borgnjor's Revivificati  Necr           ########..   4%          8    N/A
 Infestation              Necr           ########..   4%          8    N/A
 Fireball                 Conj/Fire      #######...   5%          5    N/A
 Eringya's Noxious Bog    Tmut/Pois      #######...   6%          6    N/A
 Haunt                    Necr/Summ      ########..   6%          7    N/A
 Summon Forest            Summ/Tloc      ######....   9%          5    N/A
 Shadow Creatures         Summ           N/A          11%         6    N/A
 Passage of Golubria      Tloc           N/A          13%         4    N/A
 Lehudib's Crystal Spear  Conj/Erth      ########..   14%         8    N/A
 Olgreb's Toxic Radiance  Pois           #####...     19%         4    N/A
 Invisibility             Hex            #######.     24%         6    N/A
 Ozocubu's Refrigeration  Ice            #######...   24%         6    N/A
 Starburst                Conj/Fire      #######...   30%         6    N/A
 Death's Door             Chrm/Necr      ########..   32%         8    N/A
 Chain Lightning          Conj/Air       ########..   50%         8    N/A
 Monstrous Menagerie      Summ           #######...   52%         7    N/A
 Summon Greater Demon     Summ           #######...   52%         7    N/A
 Summon Hydra             Summ           #######...   52%         7    N/A
 Ring of Flames           Chrm/Fire      #######...   58%         7    N/A
 Spellforged Servitor     Conj/Summ      #######...   65%         7    N/A
 Orb of Destruction       Conj           #######...   80%         7    N/A
 Dispersal                Tloc           #####.....   90%         6    N/A
 Malign Gateway           Summ/Tloc      ######....   95%         7    N/A
 Summon Horrible Things   Summ           #######...   99%         8    N/A
 Discord                  Hex            #######...   100%        8    N/A
 Disjunction              Tloc           #####.....   100%        8    N/A
 Ignition                 Fire           ######....   100%        8    N/A
 Absolute Zero            Ice            #######...   100%        9    N/A
 Fire Storm               Conj/Fire      #######...   100%        9    N/A
 Swiftness                Chrm/Air       Unusable     N/A         2    N/A
 Blink                    Tloc           Unusable     N/A         2    N/A
 Controlled Blink         Tloc           Unusable     N/A         8    N/A

Dungeon Overview and Level Annotations

Branches:
Dungeon (15/15)            Temple (1/1) D:7            Lair (6/6) D:11
  Swamp (4/4) Lair:4       Spider (4/4) Lair:2        Slime (0/5) Lair:5
    Orc (2/2) D:10            Elf (3/3) Orc:2        Vaults (5/5) D:13
  Crypt (3/3) Vaults:3       Tomb (3/3) Crypt:3      Depths (0/5) D:15
  IceCv (visited)         Volcano (visited)         Desolation (visited)
Gauntlet (visited)

Altars:
Ashenzari
Cheibriados
Dithmenos
Elyvilon
Fedhas
Gozag
Hepliaklqana
Kikubaaqudgha
Makhleb
Nemelex Xobeh
Okawaru
Qazlal
Ru
Sif Muna
Trog
Uskayaw
Vehumet
Wu Jian
Xom
Yredelemnul
Zin
The Shining One
Beogh

Shops:
D:7 (   D:8 !   D:10 }=(:   D:13 [   Orc:2 ?(?%   Elf:1 (   Elf:2 [
Vaults:1 =   Vaults:2 ?   Tomb:3 [!*[[[![=

Annotations:
D:4 exclusion: air elemental


Innate Abilities, Weirdness & Mutations

You cannot be hasted, slowed, berserked, paralysed or teleported.
You can dig through walls and to a lower floor.
Your four strong arms can wield two-handed weapons with a shield.
You have a pair of large antennae on your head. (SInv)
You are partially covered in large bone plates. (SH +4)
You possess an exceptional clarity of mind.
You are resistant to hostile enchantments. (MR+)
You expend magic power (3 MP) to strengthen your wands.


Message History

Purchase which effect?
You feel much better.
You feel better.
The zombie hands constrict Purub!
The zombie hands constrict the lorocyproca!!
The zombie hands constrict Deiwo!
Purub sneers, "Relinquish hope, thou foppish flap-mouthed Cock-Lorel!"
You block Purub's attack. The azure jelly completely misses you.
You block the azure jelly's attack. x3
The lorocyproca struggles to escape constriction.
Purub hits you! Purub freezes you. You block the azure jelly's attack.
The azure jelly misses you.
The azure jelly hits you but does no damage.
You block the azure jelly's attack. Deiwo hits you!!!
You die...
Your body crumbles into a pile of gold.

▓.......###....&..
▓▓........#........
▓▓..........2.......
▓...........4.......
▓...................
▓...................
▓▓....p...y....§.....
▓..∩...&&............
▓▓.....LJt...........
▓......&............
▓...................
▓...................
▓▓....§.............
▓▓........#........
▓.......###.......
▓▓....... ......
▓▓▓...... .....


You could see Deiwo (clutched), Purub (clutched), Vijagiv, a Killer Klown, an
azure jelly, a lorocyproca (invisible, clutched), a spark wasp shaped shifter,
an apocalypse crab and a chaos spawn (wandering).

Vanquished Creatures
  Mara (Spider:3)
  3 pandemonium lords
  6 ancient liches
  A juggernaut (Zig:12)
  32 greater mummies
  A shard shrike (Zig:20)
  Bai Suzhen (Crypt:3)
  the Lernaean hydra (Swamp:4)
  Xtahua (Crypt:3)
  The ghost of jlumianski the Warrior, a veteran KoBe of Trog (Vaults:2)
  A caustic shrike (Zig:10)
  A golden dragon (Zig:11)
  A profane servitor (Zig:16)
  A bone dragon (Crypt:3)
  3 Brimstone Fiends
  Arachne (Spider:2)
  8 liches
  5 Tzitzimimeh
  3 iron giants
  2 Ice Fiends (Zig:19)
  4 tentacled monstrosities
  2 Hell Sentinels
  3 titans (Vaults:5)
  2 deep elf master archers (Elf:3)
  The ghost of Imoorr the Blocker, an adept FoFi of Jiyva (Swamp:2)
  2 deep elf blademasters
  2 quicksilver dragons (Vaults:5)
  2 Executioners (Zig:19)
  11 ancient champions
  12 sphinxes
  Kirke (D:12)
  3 storm dragons (Vaults:5)
  6 shadow dragons
  A thorn hunter (Zig:11)
  10 revenants
  4 tengu reavers
  4 nagarajas
  4 fire giants
  Roxanne (Spider:3)
  7 deep elf sorcerers
  The ghost of emsyzz the Eclecticist, an adept DEFE of Vehumet (Spider:2)
  2 imperial myrmidons (Desolation)
  6 frost giants
  Aizul (Elf:3)
  2 balrugs (Zig:19)
  15 ghost moths
  5 emperor scorpions
  12 vault wardens
  6 deep elf elementalists
  4 ghouls (Crypt:2)
  4 caustic shrike zombies (Zig:20)
  14 reapers
  7 curse skulls
  10 war gargoyles
  5 cacodemons
  13 ironheart preservers
  A blood saint (Zig:19)
  4 very ugly things
  A caustic shrike skeleton (Crypt:1)
  5 deep elf demonologists
  2 corrupters
  11 stone giants
  14 bennus
  A juggernaut skeleton (Zig:17)
  19 entropy weavers
  A dire elephant (shapeshifter) (Elf:3)
  11 vampire knights
  2 halazid warlocks (Desolation)
  A lorocyproca (Zig:7)
  A black sun (Zig:7)
  8 deep elf annihilators
  A minotaur (Gauntlet)
  6 spark wasps
  A dire elephant (D:15)
  8 blizzard demons
  19 mummy priests
  5 ettins
  A crystal guardian (Desolation)
  10 deep elf death magi
  10 yaktaur captains
  Josephine (D:11)
  7 eidola
  6 green deaths
  A quicksilver dragon zombie (Tomb:2)
  13 jiangshi
  4 deep elf high priests
  6 ragged hierophants (Desolation)
  Harold (D:8)
  3 fire dragons
  The ghost of Almogavar the Carver, a journeyman MiFi of Makhleb (Lair:1)
  A hell beast (Zig:19)
  2 great orbs of eyes
  7 servants of whispers (Desolation)
  6 peacekeepers (Desolation)
  4 ice dragons
  2 rakshasas
  2 shambling mangroves (Zig:15)
  42 hydras
  9 centaur warriors
  2 catoblepae
  28 vault guards
  3 death knights
  2 anacondas (Zig:9)
  55 two-headed ogres
  4 ghost crabs
  16 alligators
  A two-headed ogre (shapeshifter) (Vaults:5)
  5 orc high priests
  A satyr (shapeshifter) (Vaults:5)
  53 death scarabs
  3 tengu warriors
  4 vampire magi
  A hell hog (Zig:1)
  3 death yaks
  21 ogre magi
  3 naga sharpshooters (Zig:9)
  4 shock serpents
  8 hell knights (Crypt:3)
  A sun demon (Zig:19)
  17 deep elf knights
  2 titan zombies
  A salamander mystic (Zig:8)
  5 storm dragon zombies
  A sixfirhy (Zig:19)
  2 storm dragon skeletons
  A fire crab (shapeshifter) (Vaults:2)
  3 titan skeletons
  A fire crab (Zig:10)
  A sea snake (shapeshifter) (Vaults:5)
  A spectral death yak (Gauntlet)
  4 soul eaters
  8 shadow wraiths
  43 skeletal warriors
  2 iron trolls (Zig:12)
  3 naga ritualists
  An unseen horror (D:12)
  A death drake (Zig:15)
  2 glowing orange brains
  A shadow demon (Zig:19)
  6 deep trolls
  4 spriggan druids
  4 golden dragon zombies
  12 swamp dragons
  A spectral hydra (Gauntlet)
  30 deep elf archers
  A ghost moth zombie (Crypt:1)
  7 flayed ghosts
  3 harpies (Vaults:3)
  18 ironbrand convokers
  5 necromancers
  2 shadow dragon zombies
  5 wizards
  2 anaconda skeletons
  2 golden dragon skeletons
  7 phantasmal warriors
  2 lindwurms
  4 tengu zombies
  3 human zombies
  21 orc knights
  21 orb spiders
  A shadow dragon skeleton (Crypt:1)
  3 tengu skeletons
  A stone giant zombie (Vaults:4)
  A mana viper (Zig:9)
  A wolf spider zombie (Tomb:2)
  4 iron dragon zombies
  A frost giant zombie (Crypt:1)
  3 sphinx zombies
  72 deep elf magi
  3 salamanders
  4 orc sorcerers
  22 ugly things
  2 fire giant zombies
  44 wolf spiders
  5 cyclopes
  3 manticores (D:13)
  20 black mambas
  A dire elephant zombie (Crypt:3)
  A frost giant skeleton (Crypt:3)
  7 centaur zombies
  7 moths of wrath
  2 fire giant skeletons (Crypt:1)
  18 elephants
  An apocalypse crab (Zig:2)
  4 smoke demons
  A spriggan zombie (Zig:20)
  6 rust devils
  3 iron dragon skeletons
  A storm dragon simulacrum (Crypt:1)
  13 vault sentinels
  2 guardian serpents (Zig:9)
  4 ice statues (D:11)
  11 centaur skeletons
  Maurice (D:13)
  A water nymph (shapeshifter) (Vaults:5)
  5 molten gargoyles
  4 naga magi
  9 gargoyles
  2 spiny frogs (shapeshifter)
  2 titan simulacra (Crypt:1)
  25 spiny frogs
  A pale draconian zombie (Crypt:1)
  Maggie (D:6)
  A black draconian zombie (Crypt:1)
  A minotaur zombie (Crypt:2)
  2 purple draconian zombies
  7 hellions
  3 dire elephant skeletons
  7 torpor snails
  12 komodo dragons
  A shock serpent skeleton (Crypt:3)
  7 ice devils
  2 yaktaurs (shapeshifter)
  3 efreet
  31 freezing wraiths
  27 yaktaurs
  2 anaconda simulacra (Crypt:1)
  A death yak zombie (Lair:1)
  19 demonic crawlers
  10 rime drakes
  16 tormentors
  58 guardian mummies
  4 hellwings
  A red draconian skeleton (Crypt:1)
  A catoblepas skeleton (Crypt:3)
  2 ghost moth simulacra (Crypt:1)
  A yaktaur skeleton (Vaults:4)
  2 tengu conjurers
  4 human skeletons
  3 hydra zombies (Lair:2)
  61 jumping spiders
  21 polar bears
  8 trolls
  A troll (shapeshifter) (Vaults:2)
  A meliai (shapeshifter) (Elf:3)
  37 hornets
  9 red devils
  A hydra skeleton (Crypt:3)
  2 harpy skeletons
  3 iron dragon simulacra
  A hippogriff (shapeshifter) (D:14)
  34 saltlings (Desolation)
  2 jumping spider zombies
  13 tyrant leeches
  4 dream sheep (Lair:5)
  An alligator zombie (Crypt:3)
  A stone giant simulacrum (Crypt:1)
  23 blink frogs
  42 slime creatures
  19 bog bodies
  2 alligator skeletons (Gauntlet)
  Sigmund (D:1)
  29 flying skulls
  2 frost giant simulacra (Crypt:1)
  A centaur simulacrum (D:14)
  3 air elementals
  2 ettin skeletons
  7 hippogriffs
  6 shadows
  47 tarantellas
  15 spriggans
  20 ushabtiu
  2 spectral komodo dragons (Gauntlet)
  10 wyverns
  3 ice dragon skeletons
  4 water elementals
  19 wraiths
  92 redbacks
  2 black mamba skeletons
  4 fire bats (Lair:3)
  3 basilisks
  A golden eye (shapeshifter) (Vaults:2)
  9 fire elementals
  4 hungry ghosts
  19 vampire mosquitoes
  77 yaks
  A hog (shapeshifter) (Vaults:5)
  3 hogs (D:13)
  A chaos spawn (Zig:19)
  Grum (D:8)
  A steam dragon (Lair:6)
  4 insubstantial wisps
  A large abomination (Zig:19)
  An acid dragon (Vaults:1)
  A harpy simulacrum (Crypt:1)
  9 wargs
  8 swamp worms
  8 nagas
  A warg (shapeshifter) (Vaults:5)
  A monstrous demonspawn zombie (Crypt:2)
  A naga (shapeshifter) (Vaults:3)
  13 water moccasins
  5 hell hounds
  A spiny frog skeleton (Lair:2)
  17 ice beasts
  15 swamp drakes
  4 porcupines
  A black bear (shapeshifter) (D:14)
  61 orc warriors
  3 sky beasts
  2 fire dragon simulacra (Crypt:1)
  3 black mamba simulacra
  3 phantoms
  A lindwurm zombie (Crypt:2)
  A black bear (Lair:3)
  A blink frog zombie (Lair:2)
  2 necrophages
  8 elf zombies
  2 orc zombies (D:11)
  An ice dragon simulacrum (Crypt:1)
  2 eyes of draining
  An ogre (shapeshifter) (Vaults:1)
  31 wolves
  2 snapping turtle skeletons
  27 centaurs
  58 ogres
  3 elf skeletons
  18 crocodiles
  A hippogriff zombie (Lair:2)
  3 big kobolds
  14 bullfrogs
  A gnoll sergeant (D:6)
  2 wyvern zombies (D:7)
  3 earth elementals
  2 ogre simulacra (Vaults:1)
  3 water moccasin zombies
  3 wyvern skeletons
  3 scorpions
  5 water moccasin skeletons
  A swamp dragon simulacrum (Crypt:1)
  A troll zombie (Swamp:1)
  21 wights
  4 howler monkeys
  3 electric eels
  6 lava snakes
  A troll skeleton (Swamp:1)
  6 crimson imps
  An elf simulacrum (Crypt:1)
  8 hounds
  4 bullfrog zombies
  5 jellies
  3 bullfrog skeletons
  22 orc priests
  A gnoll shaman (D:8)
  2 water moccasin simulacra (Lair:1)
  9 iron imps
  9 iguanas
  A black bear skeleton (Crypt:1)
  22 orc wizards
  4 lightning spires (Zig:18)
  A troll simulacrum (Crypt:1)
  14 worker ants
  2 porcupine skeletons (Lair:2)
  A felid zombie (Crypt:2)
  A naga zombie (Crypt:1)
  A basilisk simulacrum (Lair:1)
  A felid skeleton (Crypt:2)
  A naga skeleton (Gauntlet)
  4 human simulacra
  A hound skeleton (D:10)
  A hound zombie (D:11)
  63 mummies
  A worker ant zombie (D:7)
  2 crocodile simulacra (Lair:1)
  18 gnolls
  A howler monkey skeleton (D:7)
  10 adders
  A swamp drake zombie (Gauntlet)
  A tengu simulacrum (Crypt:1)
  A swamp drake skeleton (Crypt:1)
  8 shadow imps
  11 white imps (Zig:20)
  An ooze (D:6)
  A worm zombie (D:11)
  2 adder skeletons (D:4)
  A worm (D:2)
  5 dart slugs
  8 leopard geckos
  139 orcs
  13 giant cockroaches
  A goblin (D:1)
  8 hobgoblins
  12 jackals
  A quokka (D:4)
  2 ball pythons (D:3)
  8 bats
  A dart slug zombie (D:11)
  5 frilled lizards
  A goblin zombie (D:11)
  22 kobolds
  A quokka skeleton (D:4)
  A quokka zombie (D:5)
  9 rats
  A rat zombie (D:11)
  25 briar patches (Zig:11)
  A fungus (Lair:4)
  11 pillars of salt (Vaults:3)
  A plant (Lair:6)
  4 withered plants (Crypt:3)
3153 creatures vanquished.

Vanquished Creatures (collateral kills)
  A wolf spider (Spider:2)
  A spriggan (Swamp:2)
  4 redbacks
  A tarantella (Spider:2)
7 creatures vanquished.

Vanquished Creatures (others)
  23 dancing weapons
  A shadow wraith (Crypt:1)
  An orb spider (Spider:2)
  A demonic crawler (Spider:3)
  A hornet (Swamp:4)
  A sky beast (D:11)
  An ogre (Vaults:2)
  A human simulacrum (D:11)
  4 fungi
  4 plants
  11 withered plants
49 creatures vanquished.

Grand Total: 3209 creatures vanquished

Notes
Turn   | Place    | Note
-------+----------+-------------------------------------------
     0 | D:1      | DildoBatman the Formicid Wizard began the quest for the
                  | Orb.
     0 | D:1      | Reached XP level 1. HP: 13/13 MP: 4/4
    46 | D:1      | Reached skill level 1 in Conjurations
   217 | D:1      | Reached XP level 2. HP: 19/19 MP: 3/6
   395 | D:1      | Found a shimmering altar of Xom.
   857 | D:1      | Reached XP level 3. HP: 23/24 MP: 0/7
   862 | D:1      | Learned a level 3 spell: Conjure Flame
   866 | D:1      | Learned a level 3 spell: Mephitic Cloud
  1527 | D:2      | Reached XP level 4. HP: 30/30 MP: 4/8
  1613 | D:2      | Found an opulent altar of Gozag.
  1619 | D:2      | Noticed Sigmund
  2248 | D:2      | Reached XP level 5. HP: 33/35 MP: 4/9
  2988 | D:3      | Noticed an ogre
  3013 | D:3      | Killed an ogre
  3013 | D:3      | Reached skill level 5 in Conjurations
  3013 | D:3      | Reached XP level 6. HP: 9/41 MP: 1/10
  3665 | D:4      | Found a stormy altar of Qazlal.
  3668 | D:4      | Noticed a water elemental
  3669 | D:4      | Noticed an air elemental
  3670 | D:4      | Noticed a fire elemental
  3879 | D:5      | Entered Level 5 of the Dungeon
  4010 | D:5      | Reached skill level 1 in Fire Magic
  4010 | D:5      | Reached XP level 7. HP: 23/46 MP: 9/11
  4162 | D:5      | Reached skill level 1 in Air Magic
  4900 | D:6      | Found a burning altar of Makhleb.
  5043 | D:6      | Found an iron altar of Okawaru.
  5157 | D:7      | Reached XP level 8. HP: 48/52 MP: 6/12
  5178 | D:7      | Found a staircase to the Ecumenical Temple.
  5194 | Temple   | Entered the Ecumenical Temple
  5283 | D:7      | Found an ancient bone altar of Kikubaaqudgha.
  5296 | D:7      | Became a worshipper of Kikubaaqudgha
  5345 | D:7      | Found Cosinour's Weapon Shoppe.
  5822 | D:1      | Killed Sigmund
  5974 | D:4      | Reached skill level 5 in Fire Magic
  6249 | D:4      | Reached XP level 9. HP: 57/57 MP: 13/13
  6389 | D:5      | Reached skill level 5 in Air Magic
  6586 | D:5      | Reached skill level 1 in Fighting
  6586 | D:5      | Reached skill level 1 in Armour
  6855 | D:6      | Noticed Maggie
  7067 | D:6      | Killed Maggie
  7090 | D:6      | Reached * piety under Kikubaaqudgha
  7090 | D:6      | Identified Kikubaaqudgha's Tome of Dark Arts (Kikubaaqudgha
                  | gifted it to you on level 6 of the Dungeon)
  7090 | D:6      | Received a gift from Kikubaaqudgha
  7348 | D:6      | Reached skill level 1 in Polearms
  7573 | D:7      | Reached skill level 1 in Shields
  7681 | D:7      | Reached XP level 10. HP: 39/71 MP: 14/14
  7743 | D:7      | Reached ** piety under Kikubaaqudgha
  7818 | D:7      | Reached skill level 5 in Armour
  7963 | D:7      | Reached skill level 5 in Fighting
  8049 | D:8      | Noticed Harold
  8050 | D:8      | Noticed Grum
  8225 | D:8      | Reached skill level 5 in Dodging
  8264 | D:8      | Learned a level 2 spell: Sublimation of Blood
  8268 | D:8      | Learned a level 3 spell: Vampiric Draining
  8402 | D:8      | Killed Harold
  8469 | D:8      | Killed Grum
  8484 | D:8      | Reached XP level 11. HP: 74/81 MP: 15/15
  8501 | D:8      | Found Ihidipnuut's Distillery.
  8630 | D:8      | Noticed a two-headed ogre
  8825 | D:8      | Killed a two-headed ogre
  8825 | D:8      | Reached skill level 5 in Polearms
  8883 | D:8      | Bought a potion of mutation for 104 gold pieces
  8883 | D:8      | Bought a potion of curing for 39 gold pieces
  8883 | D:8      | Gained mutation: Your flesh is heat resistant. (rF+)
                  | [potion of mutation]
  8883 | D:8      | Gained mutation: Your spells are a little harder to cast,
                  | but a little more powerful. [potion of mutation]
  8884 | D:8      | Lost mutation: Your flesh is heat resistant. (rF+) [potion
                  | of mutation]
  8884 | D:8      | Lost mutation: Your spells are a little harder to cast, but
                  | a little more powerful. [potion of mutation]
  8884 | D:8      | Gained mutation: You have large cloven feet. [potion of
                  | mutation]
  8884 | D:8      | Gained mutation: You are resistant to hostile enchantments.
                  | (MR+) [potion of mutation]
  8885 | D:8      | Lost mutation: You are resistant to hostile enchantments.
                  | (MR+) [potion of mutation]
  8885 | D:8      | Lost mutation: You have large cloven feet. [potion of
                  | mutation]
  8885 | D:8      | Gained mutation: You are surrounded by a mild repulsion
                  | field. (EV +2) [potion of mutation]
  8885 | D:8      | Gained mutation: Armour fits poorly on your strangely
                  | shaped body. [potion of mutation]
  8885 | D:8      | Gained mutation: You are partially covered in rugged brown
                  | scales. (AC +1, +3% HP) [potion of mutation]
  9055 | D:9      | Reached *** piety under Kikubaaqudgha
  9055 | D:9      | Identified Kikubaaqudgha's Guide on Necromancy
                  | (Kikubaaqudgha gifted it to you on level 9 of the Dungeon)
  9055 | D:9      | Received a gift from Kikubaaqudgha
  9135 | D:9      | Reached skill level 1 in Necromancy
  9239 | D:9      | Found a hazy altar of Hepliaklqana.
  9486 | D:9      | Learned a level 4 spell: Dispel Undead
  9509 | D:10     | Entered Level 10 of the Dungeon
  9552 | D:10     | Noticed an orc knight
  9558 | D:10     | Found a roughly hewn altar of Beogh.
 10100 | D:10     | Reached **** piety under Kikubaaqudgha
 10280 | D:10     | Found a staircase to the Orcish Mines.
 10427 | D:10     | Killed an orc knight
 10427 | D:10     | Reached skill level 5 in Spellcasting
 10467 | D:10     | Found Jegogaq's Antique Weapon Emporium.
 10497 | D:10     | Found Eqaddesm's Jewellery Shoppe.
 10569 | D:10     | Found Wayhic's Book Shop.
 10749 | D:10     | Noticed a deep elf mage
 10767 | D:10     | Killed a deep elf mage
 10773 | D:10     | Noticed a tengu warrior
 10776 | D:10     | Noticed a tengu warrior
 10816 | D:10     | Killed a tengu warrior
 10819 | D:10     | Killed a tengu warrior
 10819 | D:10     | Reached skill level 5 in Necromancy
 10819 | D:10     | Reached XP level 12. HP: 27/93 MP: 1/21
 10986 | D:10     | Learned a level 5 spell: Borgnjor's Vile Clutch
 11012 | D:10     | Reached skill level 1 in Earth Magic
 11046 | D:10     | Found Myrphusu's Gadget Shop.
 11047 | D:10     | Found a large runed translucent door.
 11048 | D:10     | Found a large runed translucent door.
 11094 | D:10     | Noticed a yaktaur captain
 11159 | D:10     | Reached skill level 2 in Earth Magic
 11406 | Orc:1    | Entered Level 1 of the Orcish Mines
 11522 | Orc:1    | Reached ***** piety under Kikubaaqudgha
 11531 | Orc:1    | Reached skill level 3 in Earth Magic
 11671 | Orc:1    | Reached skill level 4 in Earth Magic
 12114 | Orc:1    | Reached skill level 5 in Earth Magic
 12145 | Orc:1    | Found a roughly hewn altar of Beogh.
 12302 | Orc:2    | Entered Level 2 of the Orcish Mines
 12352 | Orc:2    | Found a dark tunnel.
 12388 | Volcano  | Entered a volcano
 12441 | Volcano  | Reached skill level 6 in Earth Magic
 12832 | Orc:2    | Found a shimmering altar of Xom.
 13046 | Orc:2    | Found a staircase to the Elven Halls.
 13427 | Orc:2    | Reached skill level 7 in Earth Magic
 13529 | Orc:2    | Reached XP level 13. HP: 81/98 MP: 8/23
 13737 | Orc:2    | Reached skill level 8 in Earth Magic
 13896 | Orc:2    | Found Naddit's Magic Scroll Boutique.
 13896 | Orc:2    | Found Cumuet's Weapon Emporium.
 13917 | Orc:2    | Reached skill level 9 in Earth Magic
 13952 | Orc:2    | Found a roughly hewn altar of Beogh.
 14156 | Orc:2    | Found Zepnyisch's Food Emporium.
 14156 | Orc:2    | Found Keymaire's Magic Scroll Boutique.
 14406 | D:10     | Killed a yaktaur captain
 14425 | D:10     | Found a hazy altar of Hepliaklqana.
 14428 | D:10     | Found a blossoming altar of Fedhas.
 14533 | D:7      | Found a hide-covered altar of Uskayaw.
 14550 | D:7      | Found a shimmering blue altar of Sif Muna.
 14553 | D:7      | Found a white marble altar of Elyvilon.
 14556 | D:7      | Found a sparkling altar of Nemelex Xobeh.
 14804 | D:7      | Got a bloodstained plate armour
 14889 | D:10     | Identified the +8 plate armour of Misanthropy {rElec rCorr}
                  | (You found it on level 7 of the Dungeon)
 14979 | D:11     | Found a gate leading to a gauntlet.
 15003 | D:11     | Reached ****** piety under Kikubaaqudgha
 15004 | D:11     | Received a gift from Kikubaaqudgha
 15135 | Temple   | Fell from the grace of Kikubaaqudgha
 15135 | Temple   | Became a worshipper of Gozag Ym Sagoz the Greedy
 15274 | Gauntlet | Entered a Gauntlet
 15274 | Gauntlet | Found a transporter.
 15274 | Gauntlet | Found a transporter.
 15274 | Gauntlet | Found a transporter.
 15278 | Gauntlet | Found a transporter.
 15278 | Gauntlet | Found a transporter.
 15288 | Gauntlet | Found a transporter.
 15302 | Gauntlet | Found a transporter.
 15310 | Gauntlet | Found a transporter.
 15327 | Gauntlet | Found a transporter.
 15335 | Gauntlet | Found a transporter.
 15352 | Gauntlet | Found a transporter.
 15405 | Gauntlet | Found a transporter.
 15407 | Gauntlet | Noticed a catoblepas
 15784 | Gauntlet | Killed a catoblepas
 16048 | Gauntlet | Got a twitching lead ring
 16403 | Gauntlet | Identified the ring "Zoih" {rF+ MR+ AC+4 Int+2} (You found
                  | it in a Gauntlet)
 16738 | Gauntlet | Noticed a minotaur
 16757 | Gauntlet | Killed a minotaur
 17101 | D:11     | Reached XP level 14. HP: 104/107 MP: 15/24
 17516 | D:11     | Reached skill level 5 in Shields
 17738 | D:11     | Found a staircase to the Lair.
 17802 | D:11     | Noticed Josephine
 17806 | D:11     | Reached skill level 10 in Polearms
 17813 | D:11     | Killed Josephine
 18624 | Lair:1   | Entered Level 1 of the Lair of Beasts
 18886 | Lair:1   | Found a runed translucent gate.
 18886 | Lair:1   | Found a runed translucent gate.
 18886 | Lair:1   | Found a runed translucent gate.
 18931 | Lair:1   | Noticed Almogavar's ghost (journeyman MiFi)
 19290 | Lair:1   | Killed Almogavar's ghost
 19857 | Lair:2   | Found a hole to the Spider Nest.
 19932 | Lair:2   | Was forgiven by Kikubaaqudgha
 19988 | Lair:2   | Found a frozen archway.
 20033 | IceCv    | Entered an ice cave
 20800 | IceCv    | Noticed a frost giant
 20820 | IceCv    | Killed a frost giant
 20820 | IceCv    | Reached XP level 15. HP: 85/116 MP: 9/28
 21356 | Lair:2   | Reached skill level 10 in Spellcasting
 21688 | Lair:2   | Got a smoking chain mail
 21956 | Lair:2   | Identified the +6 chain mail of the Morning {MR+ Int+2
                  | Slay+3} (You found it on level 2 of the Lair of Beasts)
 23689 | Lair:4   | Found a staircase to the Swamp.
 24283 | Lair:5   | Found a staircase to the Slime Pits.
 24424 | Lair:5   | Reached XP level 16. HP: 123/123 MP: 10/33
 24792 | Lair:6   | Entered Level 6 of the Lair of Beasts
 25133 | Lair:6   | Got a smelly leather armour
 25670 | Lair:6   | Found a large runed translucent door.
 25691 | Lair:6   | Reached skill level 15 in Spellcasting
 25760 | Lair:6   | Found a large runed translucent door.
 26063 | Lair:6   | Identified the +0 leather armour of the Lion {-Cast rF++
                  | Int+4} (You found it on level 6 of the Lair of Beasts)
 26092 | Lair:6   | Got a transparent quarterstaff
 26292 | D:11     | Identified the +4 quarterstaff of Truncation {freeze, rC+}
                  | (You found it on level 6 of the Lair of Beasts)
 26303 | D:11     | Learned a level 2 spell: Shroud of Golubria
 26309 | D:11     | Learned a level 5 spell: Bolt of Magma
 26313 | D:11     | Learned a level 3 spell: Ozocubu's Armour
 26317 | D:11     | Learned a level 3 spell: Spectral Weapon
 27330 | D:13     | Noticed Kirke
 27588 | D:13     | Found a gate to the Vaults.
 27650 | D:13     | Noticed Maurice
 27664 | D:13     | Killed Maurice
 27733 | D:13     | Found Ferubide's Armour Boutique.
 28038 | D:13     | Reached skill level 10 in Armour
 28152 | D:12     | Killed Kirke
 28152 | D:12     | Reached skill level 10 in Fighting
 28152 | D:12     | Reached skill level 1 in Hexes
 28152 | D:12     | Reached skill level 1 in Charms
 28417 | D:14     | Reached skill level 1 in Ice Magic
 28417 | D:14     | Reached XP level 17. HP: 98/131 MP: 27/36
 29121 | D:14     | Lost mutation: Armour fits poorly on your strangely shaped
                  | body. [potion of mutation]
 29121 | D:14     | Lost mutation: You are surrounded by a mild repulsion
                  | field. (EV +2) [potion of mutation]
 29121 | D:14     | Lost mutation: You are partially covered in rugged brown
                  | scales. (AC +1, +3% HP) [potion of mutation]
 29121 | D:14     | Gained mutation: Your body sometimes deteriorates upon
                  | taking damage. [potion of mutation]
 29121 | D:14     | Gained mutation: Your mind is acute. (Int +2) [potion of
                  | mutation]
 29121 | D:14     | Gained mutation: Your system is resistant to poisons.
                  | (rPois) [potion of mutation]
 29121 | D:14     | Gained mutation: You are surrounded by a mild repulsion
                  | field. (EV +2) [potion of mutation]
 29122 | D:14     | Lost mutation: Your body sometimes deteriorates upon taking
                  | damage. [potion of mutation]
 29122 | D:14     | Lost mutation: Your mind is acute. (Int +2) [potion of
                  | mutation]
 29122 | D:14     | Lost mutation: Your system is resistant to poisons. (rPois)
                  | [potion of mutation]
 29122 | D:14     | Gained mutation: Your flesh is heat resistant. (rF+)
                  | [potion of mutation]
 29122 | D:14     | Lost mutation: You are surrounded by a mild repulsion
                  | field. (EV +2) [potion of mutation]
 29122 | D:14     | Gained mutation: Your mind is acute. (Int +2) [potion of
                  | mutation]
 29122 | D:14     | Gained mutation: You expend magic power (3 MP) to
                  | strengthen your wands. [potion of mutation]
 29252 | D:15     | Entered Level 15 of the Dungeon
 29471 | D:15     | Reached skill level 5 in Hexes
 30005 | D:15     | Found a staircase to the Depths.
 30025 | D:15     | Reached skill level 5 in Charms
 30390 | Orc:2    | Bought a scroll of identify for 24 gold pieces
 30390 | Orc:2    | Bought a scroll of identify for 24 gold pieces
 30390 | Orc:2    | Bought a scroll of identify for 24 gold pieces
 30423 | Orc:2    | Bought a scroll of identify for 28 gold pieces
 30423 | Orc:2    | Bought a scroll of identify for 28 gold pieces
 30423 | Orc:2    | Bought a scroll of identify for 28 gold pieces
 30423 | Orc:2    | Bought a scroll of torment for 105 gold pieces
 30423 | Orc:2    | Bought a scroll of acquirement for 728 gold pieces
 30423 | Orc:2    | Bought a scroll of identify for 28 gold pieces
 30423 | Orc:2    | Bought a scroll of torment for 105 gold pieces
 30524 | D:8      | Bought 2 potions of resistance for 260 gold pieces
 30524 | D:8      | Bought a potion of heal wounds for 65 gold pieces
 30524 | D:8      | Bought a potion of ambrosia for 104 gold pieces
 30714 | Swamp:1  | Entered Level 1 of the Swamp
 30922 | Swamp:1  | Reached skill level 5 in Ice Magic
 31984 | Swamp:2  | Reached skill level 10 in Earth Magic
 32172 | Swamp:2  | Found a runed translucent door.
 32175 | Swamp:2  | Found a shimmering altar of Xom.
 32175 | Swamp:2  | Noticed Imoorr's ghost (adept FoFi)
 32427 | Swamp:2  | Reached skill level 10 in Necromancy
 32432 | Swamp:2  | Killed Imoorr's ghost
 32432 | Swamp:2  | Reached XP level 18. HP: 110/134 MP: 13/37
 32702 | Swamp:3  | Reached skill level 11 in Earth Magic
 32913 | Swamp:3  | Got an ancient robe
 33088 | Swamp:3  | Identified the +1 robe "Guhyis" {+Blink rN+++ MP-9 Dex+2}
                  | (You found it on level 3 of the Swamp)
 33100 | Swamp:4  | Entered Level 4 of the Swamp
 33653 | Swamp:4  | Reached skill level 12 in Earth Magic
 34053 | Swamp:4  | Noticed the 27-headed Lernaean hydra
 34071 | Swamp:4  | Killed the 27-headed Lernaean hydra
 34138 | Swamp:4  | Reached skill level 13 in Earth Magic
 34339 | Swamp:4  | Got a decaying rune of Zot
 34811 | Spider:1 | Entered Level 1 of the Spider Nest
 35048 | Spider:1 | Reached skill level 14 in Earth Magic
 35087 | Spider:1 | Reached XP level 19. HP: 93/140 MP: 8/38
 35633 | Spider:2 | Noticed emsyzz's ghost (adept DEFE)
 35794 | Spider:2 | Found a runed translucent gate.
 35794 | Spider:2 | Found a runed translucent gate.
 35794 | Spider:2 | Found a runed translucent gate.
 35842 | Spider:2 | Reached skill level 15 in Earth Magic
 36043 | Spider:2 | Noticed Arachne
 36050 | Spider:2 | Killed Arachne
 36553 | Spider:2 | Reached skill level 16 in Earth Magic
 36748 | Spider:2 | Lost mutation: You expend magic power (3 MP) to strengthen
                  | your wands. [potion of mutation]
 36748 | Spider:2 | Lost mutation: Your flesh is heat resistant. (rF+) [potion
                  | of mutation]
 36748 | Spider:2 | Gained mutation: You are weak. (Str -2) [potion of
                  | mutation]
 36748 | Spider:2 | Gained mutation: You have very sharp teeth. [potion of
                  | mutation]
 36748 | Spider:2 | Lost mutation: You are weak. (Str -2) [potion of mutation]
 36808 | Spider:2 | Killed emsyzz's ghost
 37144 | Spider:3 | Reached skill level 17 in Earth Magic
 37150 | Spider:3 | Identified Roxanne's Guide on Transmutation
 37150 | Spider:3 | Noticed Roxanne
 37449 | Spider:3 | Killed Roxanne
 37559 | Spider:3 | Learned a level 6 spell: Statue Form
 37613 | Spider:3 | Noticed Mara
 37616 | Spider:3 | You fall into a shaft and drop 1 floor!
 37616 | Spider:4 | Entered Level 4 of the Spider Nest
 37690 | Spider:4 | Reached skill level 1 in Transmutations
 37793 | Spider:4 | Got a jade-encrusted scale mail
 37804 | Spider:4 | Identified the +0 scale mail of Ukext {Str+3} (You found it
                  | on level 4 of the Spider Nest)
 38611 | Spider:4 | Reached XP level 20. HP: 50/147 MP: 0/39
 38700 | Spider:4 | Reached skill level 18 in Earth Magic
 38703 | Spider:4 | Reached skill level 5 in Transmutations
 39138 | Spider:4 | Got a gossamer rune of Zot
 39341 | Spider:3 | Killed Mara
 39829 | Vaults:1 | Entered Level 1 of the Vaults
 40116 | Vaults:1 | Found Plog's Jewellery Boutique.
 40206 | Vaults:1 | Reached skill level 10 in Transmutations
 41570 | Vaults:2 | Found a runed translucent door.
 41572 | Vaults:2 | Noticed jlumianski's ghost (veteran KoBe)
 41581 | Vaults:2 | Killed jlumianski's ghost
 41766 | Vaults:2 | Reached XP level 21. HP: 153/153 MP: 35/40
 41884 | Vaults:2 | Found Buomux's Magic Scroll Shoppe.
 41890 | Vaults:2 | Bought a scroll of identify for 40 gold pieces
 41890 | Vaults:2 | Bought a scroll of identify for 40 gold pieces
 41890 | Vaults:2 | Bought a scroll of enchant armour for 150 gold pieces
 41890 | Vaults:2 | Bought a scroll of identify for 40 gold pieces
 41890 | Vaults:2 | Bought a scroll of identify for 40 gold pieces
 41890 | Vaults:2 | Bought a scroll of identify for 40 gold pieces
 42930 | Vaults:3 | Found a ruined gateway.
 42998 | Desolati | Entered the Desolation of Salt
 43061 | Desolati | Learned a level 8 spell: Necromutation
 43068 | Desolati | Learned a level 5 spell: Lee's Rapid Deconstruction
 43179 | Desolati | Reached skill level 15 in Transmutations
 43476 | Desolati | Got a warped lead ring
 43484 | Desolati | Got a warped marble ring
 43486 | Desolati | Got a glittering bronze ring
 43873 | Desolati | Reached skill level 15 in Necromancy
 43922 | Desolati | Identified the Disquisition on Congealing Dislocation
 43931 | Desolati | Got a heavily runed turquoise ring
 43934 | Desolati | Got a dazzling scale mail
 44103 | Desolati | Identified the Incunabulum of Intoxication and the Escort
 44343 | Vaults:3 | Identified the cursed +1 scale mail of Soicrin {Harm rC+
                  | Regen+} (You found it in the Desolation of Salt)
 44345 | Vaults:3 | Identified the cursed ring of Gin and Tonic {*Contam rN++
                  | Str-4 SInv Stlth+} (You found it in the Desolation of Salt)
 44347 | Vaults:3 | Identified the ring "Plog" {MP+9 Str+6 Dex+4 SInv} (You
                  | found it in the Desolation of Salt)
 44349 | Vaults:3 | Identified the ring "Xoacew" {*Tele rPois rF- Slay+2
                  | Stlth+} (You found it in the Desolation of Salt)
 44351 | Vaults:3 | Identified the ring "Meomyapn" {*Corrode rN+++ Slay-5 SInv
                  | Stlth+} (You found it in the Desolation of Salt)
 44363 | Vaults:3 | Gained mutation: You are somewhat resistant to further
                  | mutation. [mutagenic glow]
 44544 | Vaults:3 | Reached XP level 22. HP: 133/159 MP: 29/41
 44668 | Vaults:3 | You are sucked into a shaft and drop 1 floor!
 46276 | Vaults:3 | Found a staircase to the Crypt.
 46692 | Vaults:3 | Reached XP level 23. HP: 165/165 MP: 17/42
 47398 | Elf:1    | Entered Level 1 of the Elven Halls
 47555 | Elf:1    | Found Kutygiel's Weapon Shoppe.
 48346 | Elf:2    | Found a runed translucent gate.
 48347 | Elf:2    | Found a runed translucent gate.
 48347 | Elf:2    | Found a runed translucent gate.
 48473 | Elf:2    | Found Woyxzyr's Antique Armour Shop.
 49403 | Elf:3    | Entered Level 3 of the Elven Halls
 49502 | Elf:3    | Learned a level 3 spell: Mephitic Cloud
 49542 | Elf:3    | Noticed Aizul
 49552 | Elf:3    | Killed Aizul
 49552 | Elf:3    | Reached XP level 24. HP: 160/172 MP: 17/42
 49712 | Elf:3    | Reached skill level 10 in Shields
 49766 | Elf:3    | Identified the +0 scythe of Focus {vamp, +Rage}
 49980 | Elf:3    | Identified the cursed +0 great sword of Dried Tears
                  | {protect, rC- Int+5}
 49988 | Elf:3    | Reached skill level 1 in Evocations
 50493 | Elf:3    | Got a faintly glowing golden amulet
 50501 | Elf:3    | Identified Peqoem's Disquisition on Supportive Hexes
 50557 | Elf:3    | Got an ancient hand axe
 50573 | Elf:3    | Got a bound steel ring
 50654 | Elf:3    | Identified the +4 hand axe "Giantbane" {vorpal, rPois MR+
                  | Dex+2} (You found it on level 3 of the Elven Halls)
 50657 | Elf:3    | Identified the amulet "Wykkuc" {Reflect Str+2 SH+5} (You
                  | found it on level 3 of the Elven Halls)
 50667 | Elf:3    | Identified the ring "Nymergh" {rPois rN+} (You found it on
                  | level 3 of the Elven Halls)
 51033 | Crypt:1  | Entered Level 1 of the Crypt
 51226 | Crypt:1  | Reached skill level 5 in Evocations
 51901 | Crypt:1  | Reached XP level 25. HP: 138/177 MP: 11/42
 52691 | Crypt:2  | Got a smoking dagger
 52751 | Crypt:2  | Got a pair of faintly humming gloves
 52997 | Crypt:2  | Reached skill level 15 in Shields
 53121 | Crypt:2  | Reached skill level 10 in Evocations
 53942 | Crypt:3  | Entered Level 3 of the Crypt
 54293 | Crypt:3  | Noticed Xtahua
 54304 | Crypt:3  | Killed Xtahua
 54960 | Crypt:3  | Reached skill level 19 in Earth Magic
 55011 | Crypt:3  | Noticed Bai Suzhen
 55027 | Crypt:3  | Killed Bai Suzhen
 55164 | Crypt:3  | Found a staircase to the Tomb.
 55200 | Crypt:3  | Noticed an ancient lich
 55213 | Crypt:3  | Killed an ancient lich
 55695 | Tomb:1   | Entered Level 1 of the Tomb of the Ancients
 55707 | Tomb:1   | Identified the +12 dagger of the Messenger {vamp, Int+2}
                  | (You found it on level 2 of the Crypt)
 55720 | Tomb:1   | Identified the cursed +0 pair of gloves of the Abyss {rCorr
                  | Str+3} (You found it on level 2 of the Crypt)
 55750 | Tomb:1   | Reached XP level 26. HP: 171/184 MP: 39/42
 55864 | Tomb:1   | Reached skill level 20 in Earth Magic
 56154 | Tomb:1   | Noticed a greater mummy
 56164 | Tomb:1   | Killed a greater mummy
 56166 | Tomb:1   | Noticed a greater mummy
 56187 | Tomb:1   | Killed a greater mummy
 56197 | Tomb:1   | Reached skill level 21 in Earth Magic
 56489 | Tomb:1   | Found the +6 shillelagh "Devastator" {shatter}
 57236 | D:10     | Bought The Arcane Secrets of Rites and Rhymes for 1545 gold
                  | pieces
 57657 | Tomb:1   | Learned a level 9 spell: Shatter
 57728 | Tomb:1   | Noticed a greater mummy
 57740 | Tomb:1   | Noticed a greater mummy
 57742 | Tomb:1   | Killed a greater mummy
 57755 | Tomb:1   | Killed a greater mummy
 57815 | Tomb:1   | Noticed a greater mummy
 57835 | Tomb:1   | Killed a greater mummy
 57835 | Tomb:1   | Reached skill level 22 in Earth Magic
 57850 | Tomb:1   | Noticed a greater mummy
 57856 | Tomb:1   | Killed a greater mummy
 57886 | Tomb:1   | Noticed a greater mummy
 57901 | Tomb:1   | Killed a greater mummy
 57932 | Tomb:1   | Noticed a greater mummy
 57934 | Tomb:1   | Noticed a greater mummy
 57943 | Tomb:1   | Killed a greater mummy
 57945 | Tomb:1   | Killed a greater mummy
 58051 | Tomb:1   | Noticed a greater mummy
 58055 | Tomb:1   | Noticed a greater mummy
 58060 | Tomb:1   | Killed a greater mummy
 58067 | Tomb:1   | Killed a greater mummy
 58067 | Tomb:1   | Reached skill level 23 in Earth Magic
 58078 | Tomb:1   | Noticed a greater mummy
 58083 | Tomb:1   | Noticed a greater mummy
 58086 | Tomb:1   | Killed a greater mummy
 58089 | Tomb:1   | Killed a greater mummy
 58155 | Tomb:1   | Noticed a greater mummy
 58162 | Tomb:1   | Killed a greater mummy
 58162 | Tomb:1   | Reached XP level 27. HP: 140/190 MP: 28/42
 58201 | Tomb:1   | Noticed a greater mummy
 58201 | Tomb:1   | Noticed a greater mummy
 58203 | Tomb:1   | Noticed a greater mummy
 58203 | Tomb:1   | Noticed a greater mummy
 58207 | Tomb:1   | Killed a greater mummy
 58208 | Tomb:1   | Killed a greater mummy
 58208 | Tomb:1   | Killed a greater mummy
 58208 | Tomb:1   | Killed a greater mummy
 58208 | Tomb:1   | Reached skill level 24 in Earth Magic
 58208 | Tomb:1   | Noticed a greater mummy
 58217 | Tomb:1   | Killed a greater mummy
 58634 | Vaults:5 | Entered Level 5 of the Vaults
 58653 | Vaults:5 | Reached skill level 25 in Earth Magic
 58850 | Vaults:5 | Identified the +8 flail of a treasure trove {freeze, *Slow
                  | +Blink rF+++ Dex+4}
 58852 | Vaults:5 | Reached skill level 26 in Earth Magic
 59111 | Vaults:5 | Reached skill level 27 in Earth Magic
 59121 | Vaults:4 | Learned a level 5 spell: Aura of Abjuration
 59130 | Vaults:4 | Learned a level 8 spell: Chain Lightning
 59288 | Vaults:5 | Noticed an ancient lich
 59291 | Vaults:5 | Killed an ancient lich
 59372 | Vaults:5 | Reached skill level 5 in Summonings
 59623 | Vaults:5 | Got a silver rune of Zot
 59698 | Vaults:5 | Got a pitted sapphire amulet
 59769 | Vaults:5 | Identified the amulet "Sibit" {Spirit Str+3} (You found it
                  | on level 5 of the Vaults)
 59775 | Vaults:5 | Got a fine copper ring
 59777 | Vaults:5 | Identified the ring "Yneanops" {*Drain Int+2 Dex+3 Stlth+}
                  | (You found it on level 5 of the Vaults)
 59907 | Vaults:5 | Got a transparent quarterstaff
 59908 | Vaults:5 | Identified the +4 quarterstaff of the Sixty-Six Hosts
                  | {drain, Str-3 Dex+4} (You found it on level 5 of the
                  | Vaults)
 59984 | Vaults:5 | Got a dazzling mace
 60354 | Vaults:5 | Identified the +1 mace "Omyil" {elec, +Blink} (You found it
                  | on level 5 of the Vaults)
 60382 | Vaults:5 | Got a translucent dagger
 60385 | Vaults:5 | Got a heavily runed scale mail
 60396 | Vaults:5 | Identified the +4 scale mail "Tice" {Stlth+} (You found it
                  | on level 5 of the Vaults)
 60407 | Vaults:5 | Identified the +4 dagger "Qain Zuc" {freeze, Str+5} (You
                  | found it on level 5 of the Vaults)
 61933 | Tomb:2   | Noticed a greater mummy
 61933 | Tomb:2   | Noticed a greater mummy
 61933 | Tomb:2   | Noticed a greater mummy
 61947 | Tomb:1   | Killed a greater mummy
 62029 | Tomb:2   | Noticed a greater mummy
 62038 | Tomb:2   | Killed a greater mummy
 62038 | Tomb:2   | Noticed a greater mummy
 62047 | Tomb:2   | Killed a greater mummy
 62287 | Tomb:2   | Killed a greater mummy
 62287 | Tomb:2   | Killed a greater mummy
 62849 | Tomb:3   | Entered Level 3 of the Tomb of the Ancients
 62880 | Tomb:3   | Noticed an ancient lich
 62885 | Tomb:3   | Noticed a greater mummy
 62888 | Tomb:3   | Killed an ancient lich
 62888 | Tomb:3   | Noticed a greater mummy
 62888 | Tomb:3   | Noticed a greater mummy
 62895 | Tomb:3   | Noticed a greater mummy
 62895 | Tomb:3   | Noticed a greater mummy
 62899 | Tomb:3   | Killed a greater mummy
 62905 | Tomb:3   | Noticed a greater mummy
 62909 | Tomb:3   | Killed a greater mummy
 62910 | Tomb:3   | Killed a greater mummy
 62912 | Tomb:3   | Killed a greater mummy
 62912 | Tomb:3   | Reached skill level 10 in Air Magic
 62913 | Tomb:3   | Noticed a greater mummy
 62922 | Tomb:3   | Killed a greater mummy
 62926 | Tomb:3   | Noticed a greater mummy
 62930 | Tomb:3   | Killed a greater mummy
 62934 | Tomb:3   | Killed a greater mummy
 62947 | Tomb:3   | Killed a greater mummy
 63258 | Tomb:3   | Got a golden rune of Zot
 63427 | Tomb:3   | Identified Joqin's Reference Book on Attacks and Ice
 63430 | Tomb:3   | Identified the Papyrus of Fetching Attacks
 63600 | Tomb:3   | Acquired a book of the Tempests
 63615 | Tomb:3   | Learned a level 9 spell: Tornado
 63619 | Tomb:3   | Acquired 680 gold pieces
 63620 | Tomb:3   | Acquired a +0 tower shield of protection
 63621 | Tomb:3   | Acquired 2300 gold pieces
 63651 | Tomb:3   | Bought a potion of heal wounds for 75 gold pieces
 63651 | Tomb:3   | Bought a potion of curing for 45 gold pieces
 63651 | Tomb:3   | Bought a potion of curing for 45 gold pieces
 63651 | Tomb:3   | Bought a potion of curing for 45 gold pieces
 63651 | Tomb:3   | Bought a potion of mutation for 120 gold pieces
 63651 | Tomb:3   | Bought a potion of curing for 45 gold pieces
 63651 | Tomb:3   | Bought a potion of heal wounds for 75 gold pieces
 63651 | Tomb:3   | Bought a potion of curing for 45 gold pieces
 63651 | Tomb:3   | Bought a potion of curing for 45 gold pieces
 63651 | Tomb:3   | Bought a potion of mutation for 120 gold pieces
 63651 | Tomb:3   | Bought a potion of invisibility for 120 gold pieces
 63651 | Tomb:3   | Bought a potion of ambrosia for 120 gold pieces
 63653 | Tomb:3   | Bought a scroll of identify for 60 gold pieces
 63653 | Tomb:3   | Bought a scroll of fog for 60 gold pieces
 63661 | Tomb:3   | Bought a potion of cancellation for 144 gold pieces
 63661 | Tomb:3   | Bought 3 potions of magic for 432 gold pieces
 63661 | Tomb:3   | Bought a potion of heal wounds for 90 gold pieces
 63661 | Tomb:3   | Bought a potion of curing for 54 gold pieces
 63661 | Tomb:3   | Bought a potion of resistance for 180 gold pieces
 63670 | Tomb:3   | Bought the +1 cloak "Ziaritt" {Int+2 Dex+6} for 432 gold
                  | pieces
 63691 | Tomb:3   | Learned a level 6 spell: Darkness
 63691 | Tomb:3   | Lost mutation: Your mind is acute. (Int +2) [potion of
                  | mutation]
 63692 | Tomb:3   | Lost mutation: You are somewhat resistant to further
                  | mutation. [potion of mutation]
 63692 | Tomb:3   | Lost mutation: You have very sharp teeth. [potion of
                  | mutation]
 63692 | Tomb:3   | Gained mutation: Your body sometimes deteriorates upon
                  | taking damage. [potion of mutation]
 63692 | Tomb:3   | Gained mutation: Your flesh is cold resistant. (rC+)
                  | [potion of mutation]
 63692 | Tomb:3   | Gained mutation: You are resistant to hostile enchantments.
                  | (MR+) [potion of mutation]
 63693 | Tomb:3   | Lost mutation: Your body sometimes deteriorates upon taking
                  | damage. [potion of mutation]
 63693 | Tomb:3   | Lost mutation: Your flesh is cold resistant. (rC+) [potion
                  | of mutation]
 63693 | Tomb:3   | Gained mutation: You expend magic power (3 MP) to
                  | strengthen your wands. [potion of mutation]
 63693 | Tomb:3   | Gained mutation: You possess an exceptional clarity of
                  | mind. [potion of mutation]
 63693 | Tomb:3   | Gained mutation: You are partially covered in large bone
                  | plates. (SH +4) [potion of mutation]
 63705 | Zig:1    | Entered Level 1 of a ziggurat
 63737 | Zig:2    | Entered Level 2 of a ziggurat
 63841 | Zig:3    | Entered Level 3 of a ziggurat
 63877 | Zig:4    | Entered Level 4 of a ziggurat
 63879 | Zig:4    | Noticed Vymob the pandemonium lord
 63891 | Zig:4    | Killed Vymob the pandemonium lord
 63914 | Zig:4    | Got a fine iron ring
 63934 | Zig:5    | Entered Level 5 of a ziggurat
 63983 | Zig:6    | Entered Level 6 of a ziggurat
 64025 | Zig:6    | Got a brightly glowing platinum ring
 64061 | Zig:7    | Entered Level 7 of a ziggurat
 64066 | Zig:7    | Found the cursed +14 obsidian axe {vorpal, +Fly SInv
                  | *Curse}
 64066 | Zig:7    | Noticed Lyom the pandemonium lord
 64097 | Zig:7    | Killed Lyom the pandemonium lord
 64176 | Zig:8    | Entered Level 8 of a ziggurat
 64256 | Zig:9    | Entered Level 9 of a ziggurat
 64263 | Zig:9    | Found the amulet of Vitality {Regen+ HP+15}
 64311 | Zig:9    | Identified Tekecuim's Papyrus of Envenoming
 64320 | Zig:9    | Got a crude amber ring
 64321 | Zig:9    | Identified the ring "Ohitost" {+Inv Stlth-} (You found it
                  | on level 9 of a ziggurat)
 64323 | Zig:9    | Identified the ring "Kelor" {Str+4 Dex+6} (You found it on
                  | level 4 of a ziggurat)
 64325 | Zig:9    | Identified the ring "Fyschal" {Ice MP+9} (You found it on
                  | level 6 of a ziggurat)
 64330 | Zig:9    | Got a heavily runed emerald amulet
 64359 | Zig:9    | Identified the amulet of Naly {Reflect *Contam rC+++ SH+5}
                  | (You found it on level 9 of a ziggurat)
 64364 | Zig:9    | Reached skill level 10 in Charms
 64384 | Zig:10   | Entered Level 10 of a ziggurat
 64384 | Zig:10   | Noticed an ancient lich
 64386 | Zig:10   | Killed an ancient lich
 64406 | Zig:10   | Reached skill level 10 in Dodging
 64461 | Zig:10   | Noticed an ancient lich
 64464 | Zig:10   | Killed an ancient lich
 64519 | Zig:11   | Entered Level 11 of a ziggurat
 64621 | Zig:11   | Identified the Collected Works on the Feathery Frostbite
 64674 | Zig:12   | Entered Level 12 of a ziggurat
 64687 | Zig:12   | Noticed a juggernaut
 64696 | Zig:12   | Killed a juggernaut
 64776 | Zig:12   | Identified the Compendium of the Hurtful Voyage
 64778 | Zig:12   | Identified the Reference Book on Cankerous Feathers
 64781 | Zig:12   | Got a glittering silver ring
 64834 | Zig:13   | Entered Level 13 of a ziggurat
 64924 | Zig:13   | Got a coiled silver amulet
 64931 | Zig:13   | Identified the Catalogue of Lucky Displacement
 64992 | Zig:14   | Entered Level 14 of a ziggurat
 65173 | Zig:15   | Entered Level 15 of a ziggurat
 65279 | Zig:15   | Identified the Volume of Ashen Translocation
 65289 | Zig:15   | Got a pitted copper ring
 65304 | Zig:15   | Identified the ring "Ifykhl Okhe" {rC+ Int+3 Slay+2 Stlth+}
                  | (You found it on level 12 of a ziggurat)
 65306 | Zig:15   | Identified the amulet of the Kraken {Acrobat rElec rC+ MR-
                  | Int+2} (You found it on level 13 of a ziggurat)
 65308 | Zig:15   | Identified the cursed ring of Viqosu {rN++ Str+7 Dex-4}
                  | (You found it on level 15 of a ziggurat)
 65391 | Zig:16   | Entered Level 16 of a ziggurat
 65412 | Zig:16   | Noticed an ancient lich
 65415 | Zig:16   | Killed an ancient lich
 65415 | Zig:16   | Reached skill level 15 in Air Magic
 65546 | Zig:16   | Identified Zycsamyi's Disquisition on Noxious Translocation
 65573 | Zig:17   | Entered Level 17 of a ziggurat
 65626 | Zig:17   | Found the +7 great mace "Undeadhunter" {disrupt, rN+}
 65664 | Zig:17   | Identified the Papyrus of Ice
 65668 | Zig:17   | Identified the Reference Book on Intoxication and the
                  | Entourage
 65740 | Zig:17   | Got spiked gold dragon scales
 65754 | Zig:17   | Identified the +7 gold dragon scales of Parlour Games
                  | {rPois rF+ rC+ Int+6} (You found it on level 17 of a
                  | ziggurat)
 65781 | Zig:18   | Entered Level 18 of a ziggurat
 65997 | Zig:18   | Got a vibrating emerald amulet
 66114 | Zig:18   | Got a dazzling cloak
 66128 | Zig:18   | Identified the +4 cloak of Decompression {rN+ Int-4 Slay+2}
                  | (You found it on level 18 of a ziggurat)
 66149 | Zig:18   | Got a polished crystal plate armour
 66161 | Zig:18   | Identified the +11 crystal plate armour of Nihilism {rF+
                  | MR- Int+4 Dex+2} (You found it on level 18 of a ziggurat)
 66182 | Zig:19   | Entered Level 19 of a ziggurat
 66253 | Zig:19   | Noticed Tiassu Kook the pandemonium lord
 66270 | Zig:19   | Killed Tiassu Kook the pandemonium lord
 66424 | Zig:19   | Found the +10 tower shield of Ignorance {rN+ Int-4}
 66514 | Zig:19   | Identified the amulet of the Devil {Inacc rPois Str+4 Int+2
                  | Dex-2} (You found it on level 18 of a ziggurat)
 66530 | Zig:20   | Entered Level 20 of a ziggurat
 66565 | Zig:20   | Noticed a shard shrike
 66581 | Zig:20   | Killed a shard shrike
 66913 | Zig:21   | Entered Level 21 of a ziggurat
 66923 | Zig:21   | Noticed Vijagiv the pandemonium lord
 66931 | Zig:21   | Noticed Deiwo the pandemonium lord
 66932 | Zig:21   | Noticed a Killer Klown
 66933 | Zig:21   | Noticed Purub the pandemonium lord
 66941 | Zig:21   | HP: 10/205 [Purub the pandemonium lord (2)]
 66949 | Zig:21   | Mangled by Deiwo the pandemonium lord

Illustrated notes

Levels and vault maps discovered:
D:1:      lightli_arrival_isolated_outpost, layout_basic, st_stairs_7,
          xom_teletrap_fun
D:2:      layout_loops_ring, nicolae_gozag_seed_capital, uniq_sigmund
D:3:      layout_rooms
D:4:      layout_basic, first_ration, hangedman_glass_teeth,
          nicolae_qazlal_style_of_elements
D:5:      layout_basic
D:6:      layout_rooms, nicolae_overflow_crystal_walls, basic_altar, uniq_maggie
D:7:      cheibrodos_grave_circle, layout_basic, lemuel_round_altar,
          grunt_temple_overflow_cloverleaf, minmay_temple_entry_offerings,
          serial_shops, shop
D:8:      layout_rooms, serial_shops, shop, grunt_ogre_cave, uniq_harold,
          uniq_grum
D:9:      layout_loops_ring, old_standard_altar
D:10:     layout_long_grid, david_orc_5, serial_shops,
          nicolae_shop_temple_entry_statues_fountains, nicolae_shop_statue_plus,
          shop, shop, jmf_multi_god_temple2
D:11:     minmay_ice_pillars, layout_basic, lair_entry_dummy,
          gauntlet_entry_generic, minmay_misc_feat_enclosed, bh_circular_ruins,
          uniq_josephine
D:12:     layout_loops_corners
D:13:     layout_loops_ring, david_vaults_1, serial_shops,
          nicolae_shop_waterfront, uniq_kirke, uniq_maurice
D:14:     minmay_octo_star, layout_basic, small_statue_intersection,
          fountainhead
D:15:     hangedman_depths_entry_try_elsewhere_first, layout_irregular_city
Temple:   minmay_freezing_vapour_temple
Lair:1:   layout_cave_shapes, gammafunk_ghost_icy,
          nicolae_quartered_pool_medium, infiniplex_staircase_pool_2
Lair:2:   cheibrodos_lair_river_kwai, layout_chaotic_city,
          spider_nest_entry_webs, portal_ice_cave_rime, minivault_27,
          serial_bayou_shore_b
Lair:3:   layout_gridlike, minivault_23, beast_lair_carwin_9,
          infiniplex_staircase_pool
Lair:4:   layout_misc_corridors, palyth_hydra_swamp_entry, beast_lair_carwin_5,
          serial_bayou_shore_a, grunt_megastairs_5
Lair:5:   layout_cave_shapes, minmay_slime_entry_pillars
Lair:6:   cheibrodos_lair_end_hotspot, layout_regular_city,
          nicolae_lair_yak_garden
Swamp:1:  layout_basic_swamp, evilmike_swamp_ruin_house_6,
          cheibrodos_swamp_minitomb
Swamp:2:  layout_basic_swamp, ebering_ghost_xom, evilmike_swamp_ruin_house_3
Swamp:3:  layout_basic_swamp, evilmike_swamp_ruin_house_1
Swamp:4:  swamp_old_school, layout_basic_swamp
Spider:1: layout_spider_delve
Spider:2: layout_spider_delve, gammafunk_ghost_split, nicolae_spider_nook,
          uniq_arachne
Spider:3: layout_spider_delve, hangedman_spider_tarantella_strand, uniq_roxanne,
          uniq_mara
Spider:4: spider_rune_water
Orc:1:    layout_caves, mines1_david
Orc:2:    st_orc_town, layout_caves, basic_altar,
          nicolae_volcano_entry_vermiform, nicolae_orc_lava_room
Elf:1:    minmay_elf_arrival_circle, layout_loops_cross, serial_shops, shop,
          kennysheep_underground_church, minmay_misc_feat_rows
Elf:2:    layout_gridlike, serial_shops, nicolae_shop_behind_doors
Elf:3:    minmay_elf_hall_quartered_circle, layout_gridlike, minivault_23,
          uniq_aizul
Vaults:1: vaults_mumra_lcd, v_alt_pattern_4, hangedman_vaults_pinch,
          vaults_room_ringed_pool, v_misc_10, vaults_room_fancy_cross,
          nicolae_vaults_diagonal_hallway_7, vaults_room_door_ring,
          vaults_dpeg_hooks, ontoclasm_vaults_chip, layout_vaults_omnigrid,
          serial_shops, shop
Vaults:2: ebering_vaults_ghost_reflecting_pool, grunt_vaults_diagonal,
          hangedman_vaults_hat, v_misc_5, nicolae_vaults_twisting_passages,
          nicolae_vaults_yaktaur_gun_rack, v_misc_2, ontoclasm_vaults_eye,
          ontoclasm_vaults_ring_square, hangedman_vaults_impose,
          vaults_room_semicircle, serial_ice_h, nicolae_vaults_rhombus_6,
          layout_vaults_ring, serial_shops, shop
Vaults:3: v_pattern_2, ontoclasm_vaults_hangar, v_misc_32,
          ontoclasm_vaults_ring_square, nicolae_vaults_ninety_degrees,
          hangedman_vaults_restitches, v_misc_25, st_hourglassy,
          nicolae_vaults_shelves_hall, v_misc_9,
          nicolae_vaults_little_squares_4, nicolae_vaults_rhombus_5,
          vaults_room_stairs_pillars, layout_vaults_omnicross,
          minmay_crypt_entry_simple_box, portal_desolation_entry_garden
Vaults:4: v_pattern_5, v_misc_10, vaults_standard_mumra_x,
          nicolae_vaults_diagonal_hallway_8, vaults_room_hallway,
          layout_vaults_chaotic_city
Vaults:5: serial_shops
Crypt:1:  hangedman_screamer, layout_regular_city, st_chilly_death,
          grunt_crypt_arrival_webbed
Crypt:2:  layout_catacombs, lemuel_elevator, roderic_lattice_octagonal_star
Crypt:3:  quadcrypt_mu, uniq_xtahua, uniq_bai_suzhen
Tomb:1
Tomb:2
Tomb:3
Zig:21

Skill      XL: |  1  2  3  4  5  6  7  8  9 10 11 12 13 14 15 16 17 18 19 20 21 22 23 24 25 26 27 |
---------------+----------------------------------------------------------------------------------+-----
Conjurations   | 1 2 3 4 5 6 |  6.0
Fire Magic     | 1 3 5 |  5.0
Air Magic      | 2 4 5 20 | 20.2
Dodging        | 4 5 6 7 8 14 | 14.4
Fighting       | 4 6 7 9 10 | 10.0
Armour         | 4 6 7 9 10 | 10.0
Polearms       | 2 4 6 9 10 | 10.0
Shields        | 2 3 4 6 8 9 14 15 19 | 19.8
Necromancy     | 5 8 9 10 12 13 15 16 18 19 | 19.0
Spellcasting   | 6 7 9 13 15 | 15.0
Earth Magic    | 7 9 10 14 17 18 19 23 27 | 27.0
Hexes          | 3 6 |  6.0
Charms         | 2 6 10 | 10.0
Ice Magic      | 1 6 |  6.0
Transmutations | 4 12 15 17 19 | 19.0
Evocations     | 8 12 | 12.0
Summonings     | 8 |  8.0
Stealth        | |  2.4
Translocations | |  0.8

Action                   |  1- 3 |  4- 6 |  7- 9 | 10-12 | 13-15 | 16-18 | 19-21 | 22-24 | 25-27 || total
-------------------------+-------+-------+-------+-------+-------+-------+-------+-------+-------++-------
Melee: Unarmed           |     3 |       |       |       |       |       |       |       |       ||     3
       Short sword       |     5 |    20 |    95 |       |       |       |       |       |       ||   120
       Club              |     1 |       |       |       |       |       |       |       |       ||     1
       Quarterstaff      |       |       |     4 |       |       |       |       |       |       ||     4
       Lance             |       |       |    58 |   662 |  1287 |  1102 |   903 |   788 |   438 ||  5238
       Dagger            |       |       |     2 |       |       |       |       |       |       ||     2
       Bite              |       |       |       |       |       |       |    85 |    72 |    39 ||   196
       Staff             |       |       |       |       |       |       |       |       |    16 ||    16
 Fire: Hunting sling     |     1 |    11 |    38 |       |       |       |       |       |       ||    50
Throw: Stone             |       |       |       |       |       |       |     1 |       |       ||     1
 Cast: Magic Dart        |    75 |   104 |   101 |    16 |    21 |       |       |       |       ||   317
       Conjure Flame     |       |     1 |     9 |    34 |    52 |    30 |    32 |     9 |     1 ||   168
       Mephitic Cloud    |       |     2 |    33 |    73 |    73 |    57 |    73 |     3 |       ||   314
       Vampiric Draining |       |       |       |    22 |    25 |    77 |    65 |     2 |       ||   191
       Borgnjor's Vile C |       |       |       |    14 |   120 |   268 |   329 |   344 |   460 ||  1535
       Dispel Undead     |       |       |       |     4 |    17 |    25 |    12 |    31 |   100 ||   189
       Sublimation of Bl |       |       |       |       |       |     4 |     4 |       |       ||     8
       Bolt of Magma     |       |       |       |       |       |     2 |     7 |    10 |    13 ||    32
       Statue Form       |       |       |       |       |       |       |    13 |    13 |       ||    26
       Ozocubu's Armour  |       |       |       |       |       |       |     5 |     8 |    34 ||    47
       Spectral Weapon   |       |       |       |       |       |       |     3 |       |       ||     3
       Lee's Rapid Decon |       |       |       |       |       |       |     2 |     8 |       ||    10
       Necromutation     |       |       |       |       |       |       |       |    25 |    99 ||   124
       Shroud of Golubri |       |       |       |       |       |       |       |       |     4 ||     4
       Shatter           |       |       |       |       |       |       |       |       |   168 ||   168
       Aura of Abjuratio |       |       |       |       |       |       |       |       |     4 ||     4
       Tornado           |       |       |       |       |       |       |       |       |     2 ||     2
Invok: Receive Necronomi |       |       |       |       |     1 |       |       |       |       ||     1
       Potion Petition   |       |       |       |       |       |       |       |     1 |    26 ||    27
       Call Merchant     |       |       |       |       |       |       |       |       |     9 ||     9
 Abil: Dig               |       |     5 |    15 |    31 |    20 |    12 |    22 |    13 |     5 ||   123
       Shaft Self        |       |       |       |       |       |       |     1 |     1 |       ||     2
       End Transformatio |       |       |       |       |       |       |       |       |     6 ||     6
Evoke: Wand              |       |       |     4 |       |       |       |       |       |     1 ||     5
       Phial of floods   |       |       |       |       |       |       |     1 |       |       ||     1
       Tin of tremorston |       |       |       |       |       |       |     1 |       |       ||     1
       Staff of energy   |       |       |       |       |       |       |       |    23 |   913 ||   936
       Figurine of a zig |       |       |       |       |       |       |       |       |     1 ||     1
  Use: Scroll            |       |     5 |     3 |     6 |     3 |    18 |     5 |     7 |    27 ||    74
       Potion            |       |       |       |     4 |     8 |     2 |     4 |       |    13 ||    31
 Stab: Sleeping          |       |     1 |     1 |     3 |     2 |     6 |     2 |     1 |     1 ||    17
       Confused          |       |       |    16 |    56 |    60 |    29 |    41 |       |       ||   202
       Distracted        |       |       |       |       |    10 |     5 |     7 |     7 |     5 ||    34
       Invisible         |       |       |       |       |       |       |     2 |       |     3 ||     5
  Eat: Chunk             |     2 |     8 |    18 |    33 |    12 |       |       |       |       ||    73
       Ration            |       |       |       |       |    16 |    10 |    11 |     6 |     8 ||    51
Armor: Robe              |     2 |    13 |    29 |     4 |       |       |    22 |       |       ||    70
       Acid dragon scale |       |       |       |    72 |   196 |   295 |   210 |       |       ||   773
       Skin              |       |       |       |       |       |       |   152 |   176 |       ||   328
       Scale mail        |       |       |       |       |       |       |     3 |    53 |       ||    56
       Troll leather arm |       |       |       |       |       |       |       |    84 |   494 ||   578
Dodge: Dodged            |    14 |    25 |    81 |   225 |   511 |   532 |   645 |   408 |   548 ||  2989
Block: Buckler           |       |       |       |    74 |   195 |   198 |   190 |       |       ||   657
       Kite shield       |       |       |       |       |       |       |   109 |   448 |   393 ||   950
       Tower shield      |       |       |       |       |       |       |       |       |   826 ||   826
